 Dungeon Crawl Stone Soup version 0.17-a0-1515-gfae3d72 (webtiles) character file.

451 patman the Chiller (level 7, 0/41 HPs)
             Began as an Octopode Ice Elementalist on July 12, 2015.
             Was a Follower of Vehumet.
             Slain by an ogre
             ... wielding a +0 giant spiked club
              (21 damage)
             ... on level 4 of the Dungeon.
             The game lasted 00:16:43 (4691 turns).

patman the Chiller (Octopode Ice Elementalist)      Turns: 4691, Time: 00:16:43

Health: 0/41       AC:  7    Str:  7    XL:     7   Next: 4%
Magic:  3/10       EV: 11    Int: 20    God:    Vehumet [*.....]
Gold:   171        SH:  5    Dex: 12    Spells: 3 memorised, 4 levels left

rFire  + . .     SeeInvis .     y - +2 flail (drain)
rCold  + . .     Clarity  .     C - +2 buckler
rNeg   . . .     SustAt   .     (helmet restricted)
rPois  .         Gourm    .     (no amulet)
rElec  .         Spirit   .     q - ring of wizardry
rCorr  .         Warding  .     r - ring of protection from cold (curse)
rMut   .         Stasis   .     t - ring of protection from fire
MR     .....                    (no ring)
Stlth  +++.......               (no ring)
                                (no ring)
                                (no ring)
                                (no ring)

@: icy armour, not resistant to hostile enchantments, fairly stealthy
A: almost no armour, amphibious, 8 rings, constrict 8, camouflage 1, gelatinous
body 1
a: Renounce Religion


You were on level 4 of the Dungeon.
You worshipped Vehumet.
Vehumet was aware of your devotion.
You were not hungry.

You visited 1 branch of the dungeon, and saw 4 of its levels.

You collected 171 gold pieces.

Inventory:

Hand weapons
 g - a +1 dagger
 y - a +2 flail of draining (weapon)
Armour
 s - a +0 shield
 C - a +2 buckler (worn)
Jewellery
 q - a ring of wizardry (left tentacle)
 r - a cursed ring of protection from cold (right tentacle)
 t - a ring of protection from fire (on tentacle)
Scrolls
 c - a scroll of recharging {unknown}
 d - 3 scrolls of enchant weapon
 e - a scroll of identify {unknown}
 i - a scroll of enchant armour
 j - a scroll of fog {unknown}
 k - a scroll of fear
 n - a scroll of noise {unknown}
 p - 2 scrolls of remove curse
 u - a scroll of teleportation {unknown}
 z - a scroll of magic mapping {unknown}
 A - a scroll of random uselessness {unknown}
Potions
 h - 2 potions of agility {unknown}
 l - a potion of haste {unknown}
 v - a potion of cure mutation {unknown}
 w - a potion of degeneration {unknown}
 x - a potion of cancellation {unknown}
 B - 2 potions of curing {unknown}
 D - a potion of poison {unknown}
 F - a potion of magic {unknown}
Books
 a - a book of Frost

   Spells                             Type                      Level
   a - Freeze                         Ice                          1
   b - Throw Frost                    Conjuration/Ice              2
   c - Ozocubu's Armour               Charms/Ice                   3
   d - Throw Icicle                   Conjuration/Ice              4
   e - Summon Ice Beast               Ice/Summoning                4
   f - Condensation Shield            Ice                          4
 o - a book of Geomancy

   Spells                             Type                      Level
   a - Sandblast                      Earth                        1
   b - Stoneskin                      Transmutation/Earth          2
   c - Passwall                       Transmutation/Earth          3
   d - Stone Arrow                    Conjuration/Earth            3
   e - Petrify                        Transmutation/Earth          4
   f - Lee's Rapid Deconstruction     Earth                        5
Comestibles
 b - 4 bread rations
 f - 8 fruits
 m - a meat ration


   Skills:
 - Level 2.0 Dodging
 - Level 2.6 Stealth
 - Level 2.0 Spellcasting
 - Level 1.0 Conjurations
 - Level 2.2 Charms
 * Level 7.3 Ice Magic


You had 4 spell levels left.
You knew the following spells:

 Your Spells              Type           Power        Failure   Level  Hunger
a - Freeze                Ice            ####         1%          1    #......
c - Throw Frost           Conj/Ice       ###...       4%          2    ##.....
O - Ozocubu's Armour      Chrm/Ice       ###.....     6%          3    ###....


Dungeon Overview and Level Annotations

Branches:
Dungeon (4/15)
 Temple: D:4-7

Altars:
Ashenzari
Qazlal
Trog
Vehumet


Innate Abilities, Weirdness & Mutations

You cannot wear most types of armour.
You are amphibious.
You can wear up to eight rings at the same time.
You can use your tentacles to constrict eight enemies at once.
Your skin changes colour to match your surroundings (Stealth).
Your rubbery body absorbs attacks (AC +1).


Message History

The puff of frost hits the ogre.
The ogre is severely wounded.
The ogre seems less drained.
The ogre closely misses you.
Casting: Throw Frost
Confirm with . or Enter, or press ? or * to list all spells.
Aiming: Freeze
Press: ? - help, Shift-Dir - straight line, f/p - ogre
Aim: an ogre, wielding a giant spiked club (severely wounded)
You freeze the ogre.
The ogre is severely wounded.
Casting: Freeze
Confirm with . or Enter, or press ? or * to list all spells.
Aiming: Freeze
Press: ? - help, Shift-Dir - straight line, f/p - ogre
Aim: an ogre, wielding a giant spiked club (severely wounded)
You freeze the ogre.
The ogre is almost dead.
The ogre hits you with a giant spiked club!!
Ouch! That really hurt!
You die...

#.....†.....##..#.##
###......##........##
.#..#..######......#
...###).####..###..#
.### ##......## ##.###
.# ##.....# ##...## .##
#.....# ##.....##
..######.....###....#..#
##..##.......#..@...##.#
##.............#O.#####
#.............#..# #
#....##...#......#
#..#####..###....# #..##
#.## ###..#### ....( .#
##....# ..... #....#
...## #.###.#


You could see an ogre.

Vanquished Creatures
  4 orc priests
  Ijyb (D:3)
  3 orc wizards
  A worker ant (D:2)
  Jessica (D:3)
  Robin (D:3)
  2 adders (D:2)
  A gnoll (D:1)
  4 worms
  17 orcs
  3 ball pythons
  7 bats
  7 giant cockroaches
  20 goblins
  12 hobgoblins
  11 jackals
  5 kobolds
  A giant gecko (D:1)
  A giant gecko skeleton (D:4)
  2 giant newts
  A quokka (D:4)
  6 rats
111 creatures vanquished.

Notes
Turn   | Place    | Note
--------------------------------------------------------------
     0 | D:1      | patman the Octopode Ice Elementalist began the quest for the Orb.
     0 | D:1      | Reached XP level 1. HP: 11/11 MP: 3/3
   179 | D:1      | Reached XP level 2. HP: 9/17 MP: 3/5
  1049 | D:1      | Reached skill level 4 in Ice Magic
  1231 | D:1      | Reached XP level 3. HP: 18/21 MP: 6/6
  1542 | D:1      | Learned a level 3 spell: Ozocubu's Armour
  1950 | D:2      | Reached skill level 1 in Charms
  2243 | D:2      | Reached XP level 4. HP: 24/27 MP: 7/7
  2431 | D:2      | Learned a level 2 spell: Throw Frost
  2899 | D:3      | Reached XP level 5. HP: 24/31 MP: 4/8
  3062 | D:2      | Reached skill level 5 in Ice Magic
  3212 | D:3      | Noticed Jessica
  3217 | D:3      | Killed Jessica
  3278 | D:3      | Noticed Robin
  3283 | D:3      | Killed Robin
  3497 | D:3      | Found a stormy altar of Qazlal.
  3497 | D:3      | Found a bloodstained altar of Trog.
  3498 | D:3      | Found a radiant altar of Vehumet.
  3590 | D:3      | Became a worshipper of Vehumet
  3662 | D:3      | Reached XP level 6. HP: 32/36 MP: 5/9
  3669 | D:3      | Reached skill level 6 in Ice Magic
  3744 | D:3      | Found a shattered altar of Ashenzari.
  3769 | D:3      | Noticed Ijyb
  3778 | D:3      | Killed Ijyb
  4396 | D:4      | Reached skill level 7 in Ice Magic
  4451 | D:4      | Reached XP level 7. HP: 35/41 MP: 5/10
  4452 | D:4      | Acquired Vehumet's first power
  4452 | D:4      | Offered knowledge of Magic Dart by Vehumet.
  4691 | D:4      | Slain by an ogre

Vault maps used:
D:1:      saegor_arrival_simple_d, grunt_decor_mini_mirrors
D:3:      evilmike_ruin_ashenzari, gammafunk_temple_overflow_forgotten,
          first_bread, uniq_robin, uniq_iyjb, uniq_jessica
D:4:      nicolae_ru_great_annihilating_truth, minivault_26

Action                   |  1- 3 |  4- 6 |  7- 9 || total
-------------------------+-------+-------+-------++-------
Melee: Hand axe          |    10 |       |       ||    10
       Unarmed           |     3 |       |       ||     3
       Dagger            |    75 |   107 |       ||   182
       Flail             |       |    27 |     8 ||    35
 Cast: Freeze            |    23 |    29 |     5 ||    57
       Ozocubu's Armour  |     2 |    13 |     1 ||    16
       Throw Frost       |       |     3 |     2 ||     5
  Use: Scroll            |       |     4 |       ||     4
 Stab: Sleeping          |     7 |     5 |     2 ||    14
       Distracted        |     1 |     1 |       ||     2
  Eat: Pizza             |     1 |       |       ||     1
       Chunk             |     3 |     7 |       ||    10
       Fruit             |       |     1 |       ||     1
       Meat ration       |       |     1 |       ||     1
